 Dungeon Crawl Stone Soup version 0.22.1 (webtiles) character file.

36 JedernureinKreuz the Conjurer (level 3, -4/25 HPs)
             Began as a Gnoll Conjurer on Sept 18, 2018.
             Slain by a worker ant (6 damage)
             ... on level 4 of the Dungeon.
             The game lasted 00:03:48 (987 turns).

JedernureinKreuz the Conjurer (Gnoll Conjurer)       Turns: 987, Time: 00:03:48

Health: -4/25      AC:  3    Str: 10    XL:     3   Next: 37%
Magic:  0/9        EV: 11    Int: 18    God:
Gold:   156        SH:  7    Dex: 15    Spells: 11/12 levels left

rFire    . . .     SeeInvis .   n - +0 whip (curse)
rCold    . . .     Gourm    .   h - +0 shield
rNeg     . . .     Faith    .   s - +0 leather armour
rPois    .         Spirit   .   (no helmet)
rElec    .         Reflect  .   (no cloak)
rCorr    .         Harm     .   (no gloves)
MR       .....                  (no boots)
Stlth    ++........             (no amulet)
HPRegen  0.08/turn              (no ring)
MPRegen  0.11/turn              (no ring)

@: lethally poisoned (-4 -> -8)
A: distributed training, fangs 1, strong nose
a: no special abilities


You were on level 4 of the Dungeon.
You were not hungry.

You visited 1 branch of the dungeon, and saw 3 of its levels.

You collected 156 gold pieces.

Inventory:

Hand Weapons
 n - a cursed +0 whip (weapon)
Missiles
 e - 72 sling bullets
 k - 36 bolts
 l - 55 arrows
Armour
 a - a +0 robe
 h - a +0 shield (worn)
 s - a +0 leather armour (worn)
Jewellery
 o - a +2 ring of protection {unknown}
 q - an uncursed ring of protection from fire {unknown}
Scrolls
 d - 3 scrolls of teleportation {unknown}
 g - 2 scrolls of identify {unknown}
 p - a scroll of blinking {unknown}
 t - a scroll of random uselessness {unknown}
 u - a scroll of enchant weapon {unknown}
 v - a scroll of immolation {unknown}
Potions
 b - a potion of might {unknown}
 f - 2 potions of heal wounds {unknown}
 i - 2 potions of lignification {unknown}
 j - a potion of brilliance {unknown}
 m - a potion of agility {unknown}
Comestibles
 c - 2 rations
 r - 4 chunks of flesh


   Skills:
 + Level 0.7 Fighting
 + Level 0.7 Short Blades
 + Level 0.7 Long Blades
 + Level 0.7 Axes
 + Level 0.7 Maces & Flails
 + Level 0.7 Polearms
 + Level 0.7 Staves
 + Level 0.7 Slings
 + Level 0.7 Bows
 + Level 0.7 Crossbows
 + Level 0.7 Throwing
 + Level 0.7 Armour
 + Level 4.5 Dodging
 + Level 4.1 Stealth
 + Level 0.7 Shields
 + Level 0.7 Unarmed Combat
 + Level 5.0 Spellcasting
 + Level 7.1 Conjurations
 + Level 0.5 Hexes
 + Level 0.5 Charms
 + Level 0.5 Summonings
 + Level 0.5 Necromancy
 + Level 0.5 Translocations
 + Level 0.5 Transmutations
 + Level 0.5 Fire Magic
 + Level 0.5 Ice Magic
 + Level 0.5 Air Magic
 + Level 0.5 Earth Magic
 + Level 0.5 Poison Magic
 + Level 0.9 Invocations
 + Level 0.7 Evocations


You had 11 spell levels left.
You knew the following spells:

 Your Spells              Type           Power        Failure   Level  Hunger
a - Magic Dart            Conj           ####         6%          1    None

Your spell library contained the following spells:

 Spells                   Type           Power        Failure   Level  Hunger
 Searing Ray              Conj           ####..       10%         2    #......
 Shock                    Conj/Air       ###.         24%         1    None
 Iskenderun's Mystic Bla  Conj           ####....     52%         4    ####...
 Dazzling Spray           Conj/Hex       ###...       58%         3    ##.....
 Static Discharge         Conj/Air       ###.....     58%         3    ##.....
 Swiftness                Chrm/Air       #.......     80%         2    #......
 Force Lance              Conj/Tloc      ###.....     94%         4    ####...
 Fulminant Prism          Conj/Hex       ###.......   94%         4    ####...
 Airstrike                Air            #.........   100%        4    ####...
 Lightning Bolt           Conj/Air       ###.......   100%        5    ######.


Dungeon Overview and Level Annotations

Branches:
Dungeon (2/15)

Altars:


Innate Abilities, Weirdness & Mutations

Your experience applies equally to all skills.
You have very sharp teeth.
Your uncanny sense of smell can sniff out nearby items.


Message History

The magic dart hits the worker ant.
The worker ant is heavily wounded.
You feel sick. The worker ant barely misses you.
Your shield prevents you from hitting the worker ant.
The worker ant is heavily wounded.
The worker ant barely misses you. The worker ant bites you.
You hit the worker ant but do no damage.
The worker ant is heavily wounded.
You feel sick. The worker ant barely misses you.
You barely miss the worker ant.
The worker ant is heavily wounded.
The worker ant barely misses you. x2
You closely miss the worker ant.
The worker ant is heavily wounded.
You feel sick. The worker ant bites you.
* * * LOW HITPOINT WARNING * * *
You hit the worker ant.
The worker ant is severely wounded.
The worker ant bites you.
You die...

.#.......# #.
#.####..# ##
#.###...##### #
............# #
#.#......##.# #
###....##)####.#
# #............#
#
.......###.######
# #.......# #@# #
#####.....a.# #
##.###### #. #.
#.


You could see a worker ant.

Vanquished Creatures
  A howler monkey skeleton (D:4)
  A worm (D:2)
  2 bats
  2 giant cockroaches
  A goblin (D:1)
  5 hobgoblins
  4 jackals (D:4)
  3 frilled lizards
  2 rats (D:1)
21 creatures vanquished.

Notes
Turn   | Place    | Note
-------+----------+-------------------------------------------
     0 | D:1      | JedernureinKreuz the Gnoll Conjurer began the quest for the
                  | Orb.
     0 | D:1      | Reached XP level 1. HP: 13/13 MP: 6/6
   120 | D:1      | Reached XP level 2. HP: 19/19 MP: 4/7
   755 | D:2      | You fall through a shaft for 2 floors!
   775 | D:4      | Reached skill level 5 in Spellcasting
   775 | D:4      | Reached XP level 3. HP: 25/25 MP: 2/9
   986 | D:4      | HP: 1/25 [worker ant (6)]
   987 | D:4      | Slain by a worker ant

Skill      XL: |  1  2 |
---------------+-------+-----
Spellcasting   | 5 |  5.0
Fighting       | |  0.7
Short Blades   | |  0.7
Long Blades    | |  0.7
Axes           | |  0.7
Maces & Flails | |  0.7
Polearms       | |  0.7
Staves         | |  0.7
Slings         | |  0.7
Bows           | |  0.7
Crossbows      | |  0.7
Throwing       | |  0.7
Armour         | |  0.7
Dodging        | |  4.5
Stealth        | |  4.1
Shields        | |  0.7
Unarmed Combat | |  0.7
Conjurations   | |  7.1
Hexes          | |  0.5
Charms         | |  0.5
Summonings     | |  0.5
Necromancy     | |  0.5
Translocations | |  0.5
Transmutations | |  0.5
Fire Magic     | |  0.5
Ice Magic      | |  0.5
Air Magic      | |  0.5
Earth Magic    | |  0.5
Poison Magic   | |  0.5
Invocations    | |  0.9
Evocations     | |  0.7

Action                   || total
-------------------------++-------
Melee: Unarmed           ||     5
       Whip              ||    30
       Bite              ||     1
 Cast: Magic Dart        ||    48
Armor: Robe              ||     3
       Leather armour    ||     5
Dodge: Dodged            ||    20
Block: Shield            ||    16
